 Dungeon Crawl Stone Soup version 0.21.1-1-g345015f (webtiles) character file.

9884 VLARC the Carver (level 11, -6/58 HPs)
             Began as a Vine Stalker Gladiator on Mar 26, 2018.
             Was a Priest of Yredelemnul.
             Mangled by a hornet (10 damage)
             ... on level 9 of the Dungeon.
             The game lasted 00:24:14 (8181 turns).

VLARC the Carver (Vine Stalker Gladiator)           Turns: 8181, Time: 00:24:15

Health: -6/58      AC:  8    Str: 22 (23) XL:     11   Next: 53%
Magic:  0/14       EV: 12    Int:  2 (4)  God:    Yredelemnul [***...]
Gold:   672        SH:  0    Dex: 18      Spells: 10/10 levels left

rFire    . . .     SeeInvis .   F - +3 great sword
rCold    + . .     Gourm    .   (shield currently unavailable)
rNeg     . . .     Faith    .   l - +0 ring mail
rPois    .         Spirit   +   c - +0 helmet
rElec    .         Reflect  .   u - scarf {repulsion}
rCorr    .         Harm     .   z - +0 pair of gloves {Str+3}
MR       +....                  E - +0 pair of boots
Stlth    ..........             (no amulet)
HPRegen  0.59/turn              w - ring of the Suburbs {Dex+2 Stlth-}
MPRegen  0.14/turn              i - ring of protection from cold

@: slowed, studying Polearms, repel missiles, very slow
A: fangs 3, [deterioration 1], [dopey 2], [frail 1], [low mp 1], regeneration 1,
magic shield, antimagic bite, no potion heal 3, rot immunity, [MP-powered wands]
a: Recall Undead Slaves, Injury Mirror, Animate Dead, Renounce Religion


You were on level 9 of the Dungeon.
You worshipped Yredelemnul.
Yredelemnul was most pleased with you.
You were not hungry.

You visited 2 branches of the dungeon, and saw 10 of its levels.
You visited the Abyss 1 time.
You also visited: Sewer.

You collected 787 gold pieces.
You spent 115 gold pieces at shops.

Inventory:

Hand Weapons
 a - a +1 long sword
 F - a +3 great sword (weapon)
Missiles
 N - a throwing net (quivered)
Armour
 c - a +0 helmet (worn)
 l - a +0 ring mail (worn)
 s - a +0 buckler
 u - a scarf of repulsion (worn)
 z - a +0 pair of gloves of strength (worn)
 E - a +0 pair of boots (worn)
Jewellery
 i - a ring of protection from cold (right hand)
 w - the ring of the Suburbs (left hand) {Dex+2 Stlth-}
   (You found it on level 1 of the Abyss)

   [ring of loudness]

   It affects your dexterity (+2).
   It makes you less stealthy.
 B - an uncursed amulet of harm {unknown}
Wands
 p - a wand of paralysis (4)
 A - a wand of random effects (27)
 D - a wand of flame (63)
Scrolls
 d - 3 scrolls of enchant weapon
 j - 5 scrolls of remove curse
 n - 2 scrolls of blinking
 x - 2 scrolls of fear
 y - 7 scrolls of identify
 C - a scroll of fog {unknown}
 G - 2 scrolls of teleportation
 J - a scroll of magic mapping {unknown}
 K - a scroll of vulnerability {unknown}
Potions
 b - a potion of brilliance
 e - 5 potions of curing
 g - a potion of ambrosia
 h - a potion of cancellation {unknown}
 k - 2 potions of berserk rage
 m - a potion of magic {unknown}
 o - a potion of might
 q - 3 potions of flight {unknown}
 r - a potion of lignification {unknown}
 t - a potion of heal wounds {unknown}
 v - a potion of mutation {unknown}
Books
 H - Uckin's Guide on the Scorching Escort
   (You found it on level 9 of the Dungeon)

   Spells                             Type                      Level
   a - Flame Tongue                   Conjuration/Fire             1
   b - Call Imp                       Summoning                    2
   c - Bolt of Fire                   Conjuration/Fire             6
 I - a book of Battle

   Spells                             Type                      Level
   a - Infusion                       Charms                       1
   b - Shroud of Golubria             Charms/Translocation         2
   c - Song of Slaying                Charms                       2
   d - Spectral Weapon                Hexes/Charms                 3
   e - Regeneration                   Charms/Necromancy            3
 L - a manual of Polearms
Comestibles
 f - 21 rations


   Skills:
 + Level 11.0 Fighting
 + Level 11.2 Long Blades
 - Level 1.7 Throwing
 - Level 2.4 Dodging
 + Level 5.5 Invocations


You had 10 spell levels left.
You didn't know any spells.

Dungeon Overview and Level Annotations

Branches:
Dungeon (9/15)             Temple (1/1) D:4
   Lair: D:8-11         Orc: D:9-12

Altars:
Ashenzari
Cheibriados
Dithmenos
Elyvilon
Fedhas
Gozag
Hepliaklqana
Kikubaaqudgha
Makhleb
Nemelex Xobeh
Okawaru
Ru
Sif Muna
Trog
Uskayaw
Vehumet
Wu Jian
Xom
Yredelemnul
The Shining One

Shops:
D:4 [   D:9 =


Innate Abilities, Weirdness & Mutations

You have razor-sharp teeth.
Your natural rate of healing is unusually fast.
When hurt, damage is shared between your health and your magic reserves.
Your bite disrupts and absorbs the magic of your enemies.
Potions cannot restore your health.
You are immune to rotting.
[Your body sometimes deteriorates upon taking damage.]
[You are very dopey. (Int -4)]
[You are frail. (-10% HP)]
[Your magical capacity is low. (-10% MP)]
[You expend magic power (3 MP) to strengthen your wands.]


Message History

The hornet stings your cyclops zombie!
Your cyclops zombie is destroyed!
Your magical contamination has completely faded away.
You slash the hornet!
The hornet is heavily wounded.
The hornet stings you.
You feel yourself slow down. The hornet stings you.
You are poisoned.
You feel as though you will be slow longer.
You closely miss the hornet. Your bite misses the hornet.
The hornet is heavily wounded.
You feel sick. The hornet stings you!
* * * LOW HITPOINT WARNING * * *
You feel as though you will be slow longer.
The hornet stings you!
* * * LOW HITPOINT WARNING * * *
You feel as though you will be slow longer.
Your system rejects the healing.
You feel better. The hornet barely misses you. The hornet stings you!
You die...
Your body rises from the dead as a mindless zombie.

#.......................#....#.
#.......................'....#.
###.......................#....#.
......Z...................####'#.
........Z........................
.................y...............
.....###'#####'#####.#####'###...
.....##.## #.....#.....#.#...#...
.....#.## ##.#.#@#.###.#...#.#...
.....'#.###'.#.#.y..[..'.#?..Z...
.....###.#.#.#.#.#†#.#.#...#.#...
.....# ##.##.#.#[#.....#.#...#...
.....###'#####'#####'#####'###...
.....#.....#..y[[##.#.##..#..#...
.....#.....#(!..(#T.#..#.#.#.#...
(....'.#.#.'.....y##(##+.#.#.'...
.....#.....#..(..#..#..#.#.#.#...


You could see a hornet.

Vanquished Creatures
  2 two-headed ogres
  A wretched star (Abyss:1)
  A large abomination (Abyss:1)
  An ugly thing (D:9)
  The ghost of Ratty the Spear-Bearer, a novice MiGl of Ru (D:5)
  A cyclops (D:9)
  A smoke demon (Abyss:1)
  Psyche (D:9)
  An ancient zyme (Abyss:1)
  2 hippogriffs (D:9)
  A small abomination (Abyss:1)
  A chaos spawn (Abyss:1)
  An acid dragon (D:9)
  Duvessa (D:4)
  3 orc warriors
  A sky beast (D:5)
  4 ice beasts
  2 phantoms
  2 black bears
  A necrophage (D:6)
  3 centaurs
  4 wolves (D:8)
  5 ogres
  5 bullfrogs
  Dowan (D:4)
  A wyvern skeleton (D:9)
  A killer bee (D:9)
  3 wights
  3 howler monkeys
  4 crimson imps
  A centaur skeleton (D:8)
  3 centaur zombies
  4 hounds
  2 orc priests
  5 jellies
  8 orc wizards
  2 bullfrog skeletons
  3 iguanas (D:9)
  10 worker ants
  A hound zombie (D:4)
  Robin (D:3)
  10 adders
  A shadow imp (D:6)
  An ufetubus (Abyss:1)
  11 oozes
  2 adder skeletons
  2 worms
  9 leopard geckos
  37 orcs
  8 ball pythons
  17 giant cockroaches
  13 goblins
  11 hobgoblins
  7 jackals
  4 quokkas
  10 bats
  9 frilled lizards
  2 jackal zombies
  8 kobolds
  8 rats
269 creatures vanquished.

Vanquished Creatures (collateral kills)
  A troll (D:9)
  A hungry ghost (D:7)
  Grum (D:7)
  A big kobold (D:8)
  A scorpion (D:8)
  2 wights (D:8)
  2 orcs (D:7)
  2 kobolds (D:8)
  2 butterflies (D:7)
13 creatures vanquished.

Vanquished Creatures (others)
  A wretched star (Abyss:1)
  A hippogriff zombie (D:9)
  A cyclops zombie (D:9)
  An elf skeleton (D:7)
  A wight (D:9)
  A wolf zombie (D:8)
  A centaur zombie (D:9)
  A wolf skeleton (D:8)
  A bullfrog zombie (D:8)
  An ogre zombie (D:8)
  A necrophage skeleton (D:6)
  2 worker ant zombies
  2 iguana zombies (D:9)
  An orc skeleton (D:7)
  3 orc zombies
19 creatures vanquished.

Grand Total: 301 creatures vanquished

Notes
Turn   | Place    | Note
-------+----------+-------------------------------------------
     0 | D:1      | VLARC the Vine Stalker Gladiator began the quest for the Orb.
     0 | D:1      | Reached XP level 1. HP: 11/11 MP: 2/2
   131 | D:1      | Reached XP level 2. HP: 8/15 MP: 3/3
   677 | D:1      | Reached XP level 3. HP: 15/19 MP: 4/4
  1307 | D:2      | Found a radiant altar of Vehumet.
  2040 | D:3      | Gained mutation: Your natural rate of healing is unusually fast. [Vine Stalker growth]
  2040 | D:3      | Reached XP level 4. HP: 17/23 MP: 3/5
  2187 | D:3      | Found a glowing drain.
  2211 | Sewer    | Entered a sewer
  2241 | Sewer    | Reached XP level 5. HP: 21/28 MP: 4/6
  2556 | Sewer    | Reached XP level 6. HP: 27/33 MP: 5/7
  2656 | D:3      | Noticed Robin
  2700 | D:3      | Killed Robin
  3164 | D:4      | Reached skill level 5 in Long Blades
  3234 | D:4      | Reached XP level 7. HP: 38/38 MP: 8/8
  3246 | D:4      | Noticed Duvessa
  3249 | D:4      | Noticed Dowan
  3257 | D:4      | Killed Duvessa
  3257 | D:4      | Reached skill level 5 in Fighting
  3269 | D:4      | Killed Dowan
  3343 | D:4      | Found Geutosel's Armour Shop.
  3371 | D:4      | Bought a +0 pair of gloves of strength for 115 gold pieces
  3574 | D:4      | Found a staircase to the Ecumenical Temple.
  3583 | Temple   | Entered the Ecumenical Temple
  3751 | Temple   | Became a worshipper of Yredelemnul the Dark
  3892 | D:5      | Entered Level 5 of the Dungeon
  3997 | D:5      | Gained mutation: You have razor-sharp teeth. [Vine Stalker growth]
  3997 | D:5      | Reached XP level 8. HP: 44/44 MP: 9/9
  4417 | D:5      | Found a shattered altar of Ashenzari.
  4692 | D:5      | Noticed Ratty's ghost (novice MiGl)
  4699 | D:5      | Killed Ratty's ghost
  4751 | D:6      | Found a glowing golden altar of the Shining One.
  4751 | D:6      | Found a shadowy altar of Dithmenos.
  4757 | D:6      | Found an opulent altar of Gozag.
  4786 | D:6      | Reached * piety under Yredelemnul
  4818 | D:6      | Reached XP level 9. HP: 50/50 MP: 10/10
  5287 | D:6      | Found a burning altar of Makhleb.
  5640 | D:7      | Found a snail-covered altar of Cheibriados.
  5661 | D:7      | Found a shimmering altar of Xom.
  5696 | D:7      | Found a sacrificial altar of Ru.
  6301 | D:8      | Reached ** piety under Yredelemnul
  6317 | D:8      | Noticed Grum
  6400 | D:7      | Killed Grum
  6415 | D:7      | Reached XP level 10. HP: 47/58 MP: 11/11
  6590 | D:8      | Noticed a two-headed ogre
  6603 | D:8      | Killed a two-headed ogre
  6676 | D:8      | Reached skill level 10 in Long Blades
  7125 | D:9      | Noticed a two-headed ogre
  7139 | D:9      | Killed a two-headed ogre
  7139 | D:9      | Reached skill level 10 in Fighting
  7139 | D:9      | Reached skill level 1 in Invocations
  7237 | D:9      | Found Yfutoguw's Jewellery Emporium.
  7400 | D:9      | Noticed a brown ugly thing
  7412 | D:9      | Reached *** piety under Yredelemnul
  7419 | D:9      | Killed a brown ugly thing
  7420 | D:9      | Noticed Psyche
  7424 | D:9      | Cast into level 1 of the Abyss (Psyche)
  7434 | Abyss:1  | Got a translucent marble ring
  7440 | Abyss:1  | Identified the ring of the Suburbs {Dex+2 Stlth-} (You found it on level 1 of the Abyss)
  7522 | Abyss:1  | Noticed a large abomination
  7524 | Abyss:1  | Noticed a wretched star
  7528 | Abyss:1  | Killed a large abomination
  7528 | Abyss:1  | Reached XP level 11. HP: 54/64 MP: 13/15
  7530 | Abyss:1  | Noticed a worldbinder
  7532 | Abyss:1  | Noticed an orb spider
  7533 | Abyss:1  | Killed a wretched star
  7563 | Abyss:1  | Noticed a wretched star
  7570 | Abyss:1  | Killed a wretched star
  7709 | D:9      | Escaped the Abyss
  7713 | D:9      | Killed Psyche
  7713 | D:9      | Reached skill level 5 in Invocations
  7788 | D:9      | Identified Uckin's Guide on the Scorching Escort
  7950 | D:9      | Received a gift from Yredelemnul (a wight)
  7967 | D:9      | Noticed a cyclops
  7992 | D:9      | Killed a cyclops
  8181 | D:9      | Mangled by a hornet

Skill      XL: |  1  2  3  4  5  6  7  8  9 10 11 |
---------------+----------------------------------+-----
Fighting       | 2 3 4 5 7 9 10 11 | 11.0
Long Blades    | 3 4 5 6 7 9 10 11 | 11.2
Invocations    | 4 5 |  5.5
Throwing       | |  1.7
Dodging        | |  2.4

Action                   |  1- 3 |  4- 6 |  7- 9 | 10-12 || total
-------------------------+-------+-------+-------+-------++-------
Melee: Long sword        |   114 |   235 |   284 |    52 ||   685
       Bite              |    35 |    59 |   119 |    67 ||   280
       Great sword       |       |       |       |   115 ||   115
Throw: Throwing net      |       |     1 |     2 |     3 ||     6
Invok: Animate Remains   |       |       |    15 |     7 ||    22
       Animate Dead      |       |       |       |     2 ||     2
       Injury Mirror     |       |       |       |     1 ||     1
       Recall Undead Sla |       |       |       |     1 ||     1
Evoke: Wand              |       |       |       |     8 ||     8
  Use: Scroll            |       |    13 |     3 |     4 ||    20
       Potion            |       |       |     3 |     1 ||     4
 Stab: Invisible         |       |       |     2 |       ||     2
       Distracted        |       |       |     1 |       ||     1
       Held in net/web   |       |       |       |     3 ||     3
  Eat: Chunk             |     4 |     4 |    15 |     4 ||    27
       Ration            |       |       |       |     2 ||     2
Armor: Leather armour    |    29 |       |       |       ||    29
       Ring mail         |    15 |   140 |   109 |    51 ||   315
Dodge: Dodged            |    92 |   228 |   114 |    88 ||   522
       Deflected         |       |       |     8 |     8 ||    16
Block: Buckler           |       |    11 |    44 |     4 ||    59
       Rpst.: Long sword |    24 |    60 |    24 |     3 ||   111
       Great sword       |       |       |       |    12 ||    12
